 Dungeon Crawl Stone Soup version 0.30-a0-1053-gbd8d5ba0ad (webtiles) character file.

Game seed: 9441005635724114769

5429 PLAYERX the Slicer (level 10, -3/79 HPs)
             Began as a Gnoll Wanderer on Apr 5, 2023.
             Was an Initiate of Gozag.
             Slain by Gastronok (31 damage)
             ... on level 8 of the Dungeon on Apr 11, 2023.
             The game lasted 01:02:39 (8410 turns).

PLAYERX the Slicer (Gnoll Wanderer)                 Turns: 8410, Time: 01:02:40

Health: -3/79      AC: 17    Str: 10      XL:     10   Next: 67%
Magic:  18/18      EV:  3    Int:  7 (8)  God:    Gozag
Gold:   361        SH: 18    Dex: 23      Spells: 20/20 levels left

rFire   . . .      SeeInvis .    a - +3 short sword (venom)
rCold   . . .      Faith    .    C - +2 kite shield
rNeg    . . .      Spirit   .    b - +0 plate armour
rPois   .          Reflect  +    m - +0 helmet
rElec   .          Rampage  .    (no cloak)
rCorr   .                        (no gloves)
Will    .....                    d - +2 pair of boots Stlth
                                 B - amulet "Ylliog" {Reflect Fly Dex+2 SH+5}
HPRegen 0.33/turn                (no ring)
MPRegen 0.16/turn                (no ring)

@: gold aura, flying, slowed, very slow
A: fangs 1, strong nose, distributed training, deterioration 1
a: Renounce Religion, Potion Petition, Call Merchant, Bribe Branch


You were on level 8 of the Dungeon.
You worshipped Gozag.
Gozag was aware of your devotion.
You visited 2 branches of the dungeon, and saw 9 of its levels.

You collected 1513 gold pieces.
You paid 1152 gold pieces to Gozag.

Inventory:

Hand Weapons
 a - a +3 short sword of venom (weapon)
Missiles
 n - 34 poisoned darts (quivered)
 w - 2 throwing nets
Armour
 b - a +0 plate armour (worn)
 d - a +2 pair of boots (worn)
 m - a +0 helmet (worn)
 C - a +2 kite shield (worn)
Jewellery
 B - the amulet "Ylliog" (around neck) {Reflect Fly Dex+2 SH+5}
   (You acquired it on level 4 of the Dungeon)

   [amulet of reflection]

   It reflects blocked missile attacks.
   Dex:       It affects your dexterity (+2).
   Fly:       It grants you flight.
   SH:        It affects your SH (+5).
Wands
 u - a wand of charming (24)
 x - a wand of roots (2)
 z - a wand of acid (1)
 D - a wand of flame (12)
Scrolls
 c - a scroll of fog
 i - 4 scrolls of teleportation
 k - a scroll of blinking
 o - 3 scrolls of identify
 q - 2 scrolls of magic mapping
 s - 2 scrolls of brand weapon
 y - a scroll of fear
 A - a scroll of summoning {unknown}
Potions
 e - a potion of heal wounds
 f - 2 potions of might
 g - a potion of brilliance
 j - a potion of lignification
 l - 4 potions of curing
 p - 3 potions of haste
 r - 2 potions of magic
 v - 3 potions of flight


   Skills:
 + Level 7.4 Fighting
 + Level 11.8 Short Blades
 + Level 5.7 Long Blades
 + Level 5.7 Axes
 + Level 5.7 Maces & Flails
 + Level 5.7 Polearms
 + Level 5.7 Staves
 + Level 5.7 Ranged Weapons
 + Level 5.7 Throwing
 + Level 5.7 Armour
 + Level 7.4 Dodging
 + Level 6.2 Stealth
 + Level 5.7 Shields
 + Level 5.7 Unarmed Combat
 + Level 5.7 Spellcasting
 + Level 4.7 Conjurations
 + Level 4.7 Hexes
 + Level 4.7 Summonings
 + Level 4.7 Necromancy
 + Level 4.7 Translocations
 + Level 4.7 Transmutations
 + Level 4.7 Fire Magic
 + Level 4.7 Ice Magic
 + Level 4.7 Air Magic
 + Level 4.7 Earth Magic
 + Level 4.7 Poison Magic
 + Level 6.2 Invocations
 + Level 5.7 Evocations


You had 20 spell levels left.
You didn't know any spells.
Your spell library contained the following spells:

 Spells                   Type           Power      Damage    Failure   Level
 Beastly Appendage        Tmut           16%        N/A       100%        1
 Wereblood                Tmut           8%         N/A       100%        2
 Call Canine Familiar     Summ           8%         N/A       100%        3
 Inner Flame              Hex/Fire       8%         N/A       100%        3
 Ozocubu's Armour         Ice            8%         N/A       100%        3
 Portal Projectile        Hex/Tloc       16%        N/A       100%        3
 Spider Form              Tmut/Pois      8%         N/A       100%        3
 Flame Wave               Conj/Fire      8%         2d5       100%        4
 Leda's Liquefaction      Hex/Erth       4%         N/A       100%        4
 Sticky Flame             Conj/Fire      8%         2d3       100%        4
 Fireball                 Conj/Fire      4%         3d4       100%        5
 Iskenderun's Battlesphe  Conj           8%         2d6       100%        5
 Metabolic Englaciation   Hex/Ice        4%         N/A       100%        5
 Conjure Ball Lightning   Conj/Air       4%         3x3d6     100%        6
 Orb of Destruction       Conj           4%         9d5       100%        7
 Ozocubu's Refrigeration  Ice            4%         4d8       100%        7
 Simulacrum               Ice/Necr       Unusable   N/A       N/A         6

Dungeon Overview and Level Annotations

Branches:
Dungeon (8/15)             Temple (1/1) D:4
   Lair: D:8-11

Altars:
Ashenzari
Cheibriados
Elyvilon
Fedhas
Gozag
Hepliaklqana
Kikubaaqudgha
Makhleb
Nemelex Xobeh
Okawaru
Qazlal
Ru
Trog
Uskayaw
Wu Jian
Xom
Zin
The Shining One

Shops:
D:6 (

Annotations:
D:8 Gastronok


Innate Abilities, Weirdness & Mutations

You have very sharp teeth.
Your uncanny sense of smell can sniff out nearby items.
Your experience applies equally to all skills.
Your body sometimes deteriorates upon taking damage.


Message History

Press: ? - help, Shift-Dir - straight line, f/p - Gastronok
Aim: Gastronok, wearing a +0 hat (lightly wounded, covered in acid, 100% to hit)
The bolt of acid hits Gastronok!
Gastronok seems to be corroded for longer.
Gastronok is lightly wounded.
The yak bellows!
A yak comes into view. x2
Aiming: Fastroot
Press: ? - help, Shift-Dir - straight line, f/p - Gastronok
Aim: Gastronok, wearing a +0 hat (lightly wounded, covered in acid)
The roots erupt in riotous growth!
Roots grab Gastronok.
Roots grab the yak.
The grasping roots constrict Gastronok!
The grasping roots constrict the yak!
You hear a bellow! x2
The yak struggles to escape constriction.
A yak comes into view.
Gastronok struggles to escape constriction.
The grasping roots constrict Gastronok!
The grasping roots constrict the yak!
The roots release their grip on Gastronok.
The yak escapes!
A yak comes into view.
You hit the yak but do no damage.
The yak is poisoned.
The yak is severely wounded.
The yak gores you.
You hit the yak.
The yak is poisoned.
The yak is lightly wounded.
The yak gores you. You block the yak's attack.
You barely miss the yak.
The yak is lightly wounded.
Gastronok bites you!
Your body deteriorates!
You feel dopey. The yak gores you but does no damage.
You block the yak's attack.
You hit the yak.
The yak looks as sick as possible!
You bite the yak, but do no damage.
The yak is severely wounded.
You puncture the yak!
You kill the yak!
You block the yak's attack. Gastronok bites you!!
You die...
Your body crumbles into a pile of gold.

.. ... ...####### ∆
........#####
#.Y../.....#
#.Y........#
#..YwY.....#
#.".Y@.....#
#..........#### .#
#######........ .. ..
#.......# .. ...
#.......# ..
..#######.......######..
#.>.....####...........
#.......#..#.........##
#.......#..'.........'.


You could see Gastronok (corroded) and 5 yaks.

Vanquished Creatures
  Psyche (D:8)
  A hornet (D:8)
  Prince Ribbit (D:5)
  A slime creature (D:8)
  Eustachio (D:5)
  9 yaks
  A steam dragon (D:7)
  5 water moccasins
  2 orc warriors (D:6)
  An ice beast (D:8)
  2 sky beasts
  A black bear (D:6)
  2 ogres
  A centaur (D:7)
  2 bullfrogs
  A kobold brigand (D:8)
  3 gnoll sergeants
  2 scorpions
  3 killer bees (D:7)
  9 howler monkeys
  A crimson imp (D:5)
  3 hounds
  3 orc priests
  2 jellies
  2 gnoll boudas
  2 iguanas
  A sleepcap (D:6)
  An orc wizard (D:5)
  28 gnolls
  7 adders
  2 white imps
  3 ufetubi
  5 dart slugs
  10 orcs
  7 ball pythons
  8 endoplasms
  5 giant cockroaches
  4 hobgoblins
  A jackal (D:3)
  4 quokkas
  5 bats
  2 frilled lizards
  10 goblins
  7 kobolds
  4 rats
176 creatures vanquished.

Vanquished Creatures (others)
  2 killer bees (D:7)
2 creatures vanquished.

Grand Total: 178 creatures vanquished

Notes
Turn   | Place    | Note
-------+----------+-------------------------------------------
     0 | D:1      | Reached skill level 10 in Short Blades
     0 | D:1      | PLAYERX the Gnoll Wanderer began the quest for the Orb.
     0 | D:1      | PLAYERX set off with the following items: a +3 short sword,
                  | a +0 pair of boots, a scroll of fog, a +0 leather armour.
     0 | D:1      | Reached XP level 1. HP: 20/20 MP: 1/1
    79 | D:1      | Reached XP level 2. HP: 26/26 MP: 2/2
   409 | D:1      | Reached XP level 3. HP: 31/31 MP: 2/4
   534 | D:1      | Reached skill level 1 in Invocations
   590 | D:2      | Found an opulent altar of Gozag.
   635 | D:2      | Reached skill level 1 in Long Blades
   635 | D:2      | Reached skill level 1 in Axes
   635 | D:2      | Reached skill level 1 in Maces & Flails
   635 | D:2      | Reached skill level 1 in Polearms
   635 | D:2      | Reached skill level 1 in Staves
   635 | D:2      | Reached skill level 1 in Ranged Weapons
   635 | D:2      | Reached skill level 1 in Throwing
   635 | D:2      | Reached skill level 1 in Armour
   635 | D:2      | Reached skill level 1 in Shields
   635 | D:2      | Reached skill level 1 in Unarmed Combat
   635 | D:2      | Reached skill level 1 in Spellcasting
   635 | D:2      | Reached skill level 1 in Evocations
   635 | D:2      | Upgraded the game from 0.30-a0-1008-g30c9307041 to
                  | 0.30-a0-1016-gfb0d676c02
   667 | D:2      | Became a worshipper of Gozag Ym Sagoz the Greedy
  1125 | D:2      | Found a faded altar of an unknown god.
  1321 | D:3      | Reached XP level 4. HP: 38/38 MP: 5/5
  1514 | D:3      | Reached skill level 1 in Conjurations
  1514 | D:3      | Reached skill level 1 in Hexes
  1514 | D:3      | Reached skill level 1 in Summonings
  1514 | D:3      | Reached skill level 1 in Necromancy
  1514 | D:3      | Reached skill level 1 in Translocations
  1514 | D:3      | Reached skill level 1 in Transmutations
  1514 | D:3      | Reached skill level 1 in Fire Magic
  1514 | D:3      | Reached skill level 1 in Ice Magic
  1514 | D:3      | Reached skill level 1 in Air Magic
  1514 | D:3      | Reached skill level 1 in Earth Magic
  1514 | D:3      | Reached skill level 1 in Poison Magic
  2368 | D:4      | Identified a scroll of acquirement
  2370 | D:4      | Acquired the amulet "Ylliog" {Reflect Fly Dex+2 SH+5}
  2434 | D:4      | Reached XP level 5. HP: 43/43 MP: 7/7
  2476 | D:4      | Found a glowing silver altar of Zin.
  2582 | D:4      | Found a staircase to the Ecumenical Temple.
  2610 | Temple   | Entered the Ecumenical Temple
  2939 | D:4      | Noticed an ogre
  2953 | D:4      | Reached XP level 6. HP: 50/50 MP: 8/8
  2970 | D:4      | Reached skill level 5 in Fighting
  2970 | D:4      | Reached skill level 5 in Dodging
  3103 | D:4      | Found a snail-covered altar of Cheibriados.
  3181 | D:5      | Entered Level 5 of the Dungeon
  3214 | D:5      | Found a blossoming altar of Fedhas.
  3252 | D:5      | Noticed Eustachio
  3315 | D:5      | Killed Eustachio
  3316 | D:5      | Reached XP level 7. HP: 47/56 MP: 10/10
  3373 | D:5      | Noticed Prince Ribbit
  3395 | D:5      | Killed Prince Ribbit
  3549 | D:5      | Reached XP level 8. HP: 63/63 MP: 12/12
  3763 | D:5      | Found a burning altar of Makhleb.
  3763 | D:5      | Found a shimmering altar of Xom.
  4118 | D:6      | Upgraded the game from 0.30-a0-1016-gfb0d676c02 to
                  | 0.30-a0-1043-g60ff8d5f49
  4132 | D:6      | Reached skill level 11 in Short Blades
  4738 | D:6      | Found Fink's Antique Weapon Boutique.
  4758 | D:6      | Noticed a yak
  4759 | D:6      | Noticed a yak
  4759 | D:6      | Noticed a yak
  4760 | D:6      | Noticed a yak
  4775 | D:6      | Killed a yak
  4776 | D:6      | Reached XP level 9. HP: 14/69 MP: 14/14
  5073 | D:6      | Reached skill level 5 in Stealth
  5452 | D:6      | Reached skill level 5 in Invocations
  5747 | D:6      | Found an ornate altar of the Wu Jian Council.
  6235 | D:7      | Reached skill level 5 in Long Blades
  6235 | D:7      | Reached skill level 5 in Axes
  6235 | D:7      | Reached skill level 5 in Maces & Flails
  6235 | D:7      | Reached skill level 5 in Polearms
  6235 | D:7      | Reached skill level 5 in Staves
  6235 | D:7      | Reached skill level 5 in Ranged Weapons
  6235 | D:7      | Reached skill level 5 in Throwing
  6235 | D:7      | Reached skill level 5 in Armour
  6235 | D:7      | Reached skill level 5 in Shields
  6235 | D:7      | Reached skill level 5 in Unarmed Combat
  6235 | D:7      | Reached skill level 5 in Spellcasting
  6235 | D:7      | Reached skill level 5 in Evocations
  6235 | D:7      | Reached XP level 10. HP: 39/77 MP: 17/17
  7478 | D:8      | Noticed Psyche
  7487 | D:8      | Killed Psyche
  8077 | D:8      | Gained mutation: Your body sometimes deteriorates upon
                  | taking damage. [potion of mutation]
  8077 | D:8      | Gained mutation: You are partially covered in iridescent
                  | scales. (AC +2) [potion of mutation]
  8314 | D:8      | Upgraded the game from 0.30-a0-1043-g60ff8d5f49 to
                  | 0.30-a0-1053-gbd8d5ba0ad
  8314 | D:8      | Lost mutation: You are partially covered in iridescent
                  | scales. (AC +2) [potion of mutation]
  8314 | D:8      | Lost mutation: Your body sometimes deteriorates upon taking
                  | damage. [potion of mutation]
  8314 | D:8      | Gained mutation: You occasionally lose the ability to read
                  | scrolls when taking damage. [potion of mutation]
  8314 | D:8      | Gained mutation: You have supernaturally acute eyesight.
                  | (SInv) [potion of mutation]
  8315 | D:8      | Lost mutation: You have supernaturally acute eyesight.
                  | (SInv) [potion of mutation]
  8315 | D:8      | Lost mutation: You occasionally lose the ability to read
                  | scrolls when taking damage. [potion of mutation]
  8315 | D:8      | Gained mutation: Your body sometimes deteriorates upon
                  | taking damage. [potion of mutation]
  8399 | D:8      | Noticed Gastronok
  8410 | D:8      | Slain by Gastronok

Illustrated notes

Levels and vault maps discovered:
D:1:      minmay_arrival_stair_chambers, layout_basic, chequers_mini_garden,
          kennysheep_small_spiral, minmay_octomino_e4
D:2:      layout_basic, chequers_ecumenical_altar_grove, basic_altar
D:3:      minmay_razor_zed, layout_loops_ring, minmay_misc_feat_five
D:4:      layout_cave_pools, lemuel_round_altar, mainiacjoe_overflow_brackets,
          minmay_temple_entry_glass, kennysheep_generic_room_6
D:5:      layout_rooms, grunt_temple_overflow_champion_of_chaos, fedhas_altar_1,
          hex_large, uniq_prince_ribbit1, uniq_eustachio
D:6:      layout_gridville, pdpol_wu_jian_five_deadly_venoms, serial_shops,
          nicolae_diamond_shop, minmay_joined_circles
D:7:      layout_basic
D:8:      layout_gridville, mainiacjoe_overflow_tiny_flanked,
          minmay_chambers_of_fives, uniq_gastronok, uniq_pikel, uniq_psyche
Temple:   chequers_temple_sunken

Skill      XL: |  1  2  3  4  5  6  7  8  9 10 |
---------------+-------------------------------+-----
Short Blades   | 11 | 11.8
Invocations    | 1 2 3 4 5 6 |  6.2
Long Blades    | 1 2 3 5 |  5.7
Axes           | 1 2 3 5 |  5.7
Maces & Flails | 1 2 3 5 |  5.7
Polearms       | 1 2 3 5 |  5.7
Staves         | 1 2 3 5 |  5.7
Ranged Weapons | 1 2 3 5 |  5.7
Throwing       | 1 2 3 5 |  5.7
Armour         | 1 2 3 5 |  5.7
Shields        | 1 2 3 5 |  5.7
Unarmed Combat | 1 2 3 5 |  5.7
Spellcasting   | 1 2 3 5 |  5.7
Evocations     | 1 2 3 5 |  5.7
Conjurations   | 1 2 3 4 |  4.7
Hexes          | 1 2 3 4 |  4.7
Summonings     | 1 2 3 4 |  4.7
Necromancy     | 1 2 3 4 |  4.7
Translocations | 1 2 3 4 |  4.7
Transmutations | 1 2 3 4 |  4.7
Fire Magic     | 1 2 3 4 |  4.7
Ice Magic      | 1 2 3 4 |  4.7
Air Magic      | 1 2 3 4 |  4.7
Earth Magic    | 1 2 3 4 |  4.7
Poison Magic   | 1 2 3 4 |  4.7
Stealth        | 3 4 5 6 |  6.2
Fighting       | 5 6 7 |  7.4
Dodging        | 5 6 7 |  7.4

Action                     |  1- 3 |  4- 6 |  7- 9 | 10-12 || total
---------------------------+-------+-------+-------+-------++-------
  Melee: Short sword       |    76 |   137 |   298 |   169 ||   680
         Bite              |     6 |    14 |    54 |    22 ||    96
         Punch             |       |     3 |    10 |     1 ||    14
  Throw: Dart              |       |       |       |    16 ||    16
 Invoke: Potion Petition   |       |       |     1 |     1 ||     2
  Evoke: Wand              |       |     5 |     2 |     3 ||    10
    Use: Scroll            |       |    17 |     4 |     8 ||    29
         Potion            |       |       |     2 |     3 ||     5
   Stab: Sleeping          |     4 |       |       |       ||     4
         Distracted        |       |       |     1 |     1 ||     2
         Invisible         |       |       |     5 |       ||     5
 Armour: Leather armour    |     1 |       |       |       ||     1
         Ring mail         |    14 |       |       |       ||    14
         Plate armour      |     7 |    55 |   132 |    83 ||   277
         Skin              |       |       |       |    10 ||    10
  Dodge: Dodged            |    32 |     1 |    41 |    10 ||    84
  Block: Other             |       |    11 |    43 |    12 ||    66
         Kite shield       |       |       |       |   119 ||   119
         Reflection        |       |       |       |     3 ||     3

Table legend: (Time is in decaauts)
 A = Elapsed time spent in this place.
 B = Non-inter-level travel time spent in this place.
 C = Inter-level travel time spent in this place.
 D = Time resting spent in this place.
 E = Time spent auto-exploring this place.
 F = Levels seen in this place.
 G = Mean time per level.
                   A        B        C        D        E       F      G
               +--------+--------+--------+--------+--------+-----+--------+
         Total |   8106 |   7831 |    275 |   1415 |   4551 |   9 |  900.7 |
       Dungeon |   7885 |   7610 |    275 |   1415 |   4393 |   8 |  985.6 |
        Temple |    220 |    220 |      0 |      0 |    158 |   1 |  220.0 |
               +--------+--------+--------+--------+--------+-----+--------+

Top non-repeatable levels by time:
     D:7: 1606 daAuts
     D:6: 1433 daAuts
     D:3: 1086 daAuts
     D:5: 1057 daAuts
     D:8: 913 daAuts
     D:4: 655 daAuts
     D:1: 569 daAuts
     D:2: 563 daAuts
  Temple: 220 daAuts
